 Dungeon Crawl Stone Soup version 0.30-a0-145-g03d90e2e6d (webtiles) character file.

Game seed: 10351093672647228901

641 qw the Chopper (level 7, 0/43 HPs)
             Began as a Gargoyle Fighter on Sept 26, 2022.
             Slain by Duvessa
             ... wielding a +0 rapier
              (9 damage)
             ... on level 4 of the Dungeon.
             The game lasted 00:01:18 (3342 turns).

qw the Chopper (Gargoyle Fighter)                   Turns: 3342, Time: 00:01:19

Health: 0/43       AC: 13    Str: 21    XL:     7   Next: 51%
Magic:  7/7        EV:  9    Int:  9    God:
Gold:   245        SH:  4    Dex:  9    Spells: 6/6 levels left

rFire   . . .      SeeInvis +    Y - +0 war axe (flame)
rCold   . . .      Faith    .    c - +0 buckler
rNeg    + . .      Spirit   .    b - +0 scale mail
rPois   inf        Reflect  .    (no helmet)
rElec   +          Harm     .    i - +1 cloak
rCorr   .          Rampage  .    (no gloves)
Will    .....                    (no boots)
Stlth   ..........               (no amulet)
HPRegen 0.14/turn                g - +4 ring of slaying {mikee}
MPRegen 0.10/turn                j - ring of see invisible

@: no status effects
A: sickness immunity, AC +4, negative energy resistance 1, electricity
resistance, torment resistance 1, petrification resistance
a: no special abilities


You were on level 4 of the Dungeon.
You visited 1 branch of the dungeon, and saw 4 of its levels.

You collected 245 gold pieces.


Innate Abilities, Weirdness & Mutations

You are immune to sickness and miasma.
Your stone body is resilient. (AC +4)
You are immune to poison.
You resist negative energy. (rN+)
You are resistant to electric shocks. (rElec)
You are resistant to unholy torment.
You are immune to petrification.


   Skills:
 - Level 4.0 Fighting
 + Level 6.6 Axes
 - Level 1.8 Throwing
 - Level 3.2 Armour
 - Level 1.1 Dodging
 - Level 3.2 Shields


You had 6 spell levels left.
You didn't know any spells.
Your spell library was empty.

Inventory:

Hand Weapons
 Y - a +0 war axe of flaming (weapon)
Missiles
 n - 2 boomerangs
 o - a silver boomerang
 s - 2 javelins (quivered)
Armour
 b - a +0 scale mail (worn)
 c - a +0 buckler (worn)
 h - a +0 chain mail
 i - a +1 cloak (worn)
Jewellery
 g - a +4 ring of slaying (left hand) {mikee}
 j - a ring of see invisible (right hand)
 r - a +6 ring of strength
Scrolls
 l - a scroll of identify
Potions
 a - a potion of attraction {unknown}
 d - 2 potions of might
 e - a potion of degeneration {unknown}
 f - a potion of mutation {unknown}
 k - a potion of heal wounds {unknown}
 m - a potion of magic {unknown}
 p - 2 potions of curing {unknown}
 q - a potion of flight {unknown}

Dungeon Overview and Level Annotations

Branches:
Dungeon (4/15)
 Temple: D:4-7

Altars:

Annotations:
D:4 Dowan, Duvessa


Message History

Duvessa, Sister of Dowan comes into view.
She is wielding a +0 rapier and wearing a +3 leather armour of fire resistance.
You slash the scorpion zombie! You burn the scorpion zombie.
The scorpion zombie is moderately damaged.
You hit the hound skeleton. You burn the hound skeleton.
The hound skeleton barely misses you.
The scorpion zombie hits you but does no damage.
You slash the scorpion zombie! You burn the scorpion zombie.
The scorpion zombie is almost destroyed.
You barely miss Dowan. The scorpion zombie hits you. Dowan barely misses you.
The scorpion zombie hits you but does no damage.
You slash the scorpion zombie! You burn the scorpion zombie.
You destroy the scorpion zombie!
You closely miss Dowan. Dowan hits you but does no damage.
The hound skeleton bites you.
You hit the hound skeleton. You burn the hound skeleton.
The hound skeleton is heavily damaged.
You hit Duvessa. The hound skeleton barely misses you.
You hit Duvessa.
Duvessa is lightly wounded.
You closely miss Dowan. Duvessa barely misses you.
You slash Duvessa!
Duvessa is moderately wounded.
You slash Dowan! You burn Dowan. Duvessa hits you with a +0 rapier!
Dowan closely misses you.
You barely miss Dowan.
Dowan is moderately wounded.
You slash Duvessa! You burn Duvessa.
Dowan hits you with a +4 dagger of speed!
Duvessa hits you with a +0 rapier. Dowan gestures at you while chanting.
The puff of frost hits you!
You slash Duvessa! You burn Duvessa.
Duvessa is severely wounded.
You slash Dowan! You burn Dowan. Duvessa hits you with a +0 rapier.
You block Dowan's attack. Duvessa hits you with a +0 rapier!
You die...

...<######....)####..
.................... .
.##.....#.......... ..
#.....#.......... .(.
+.....#.......... ....##
#.......#....##..
......##.#..............
......e#.#..............
.....Ze@.#.).........:..
......#########.........
..... #......... ####
#......... #.........
#......... #.........
#.........


You could see Duvessa, Dowan and a hound skeleton.

Vanquished Creatures
  A centaur (D:3)
  A phantom (D:4)
  A scorpion (D:4)
  A water moccasin zombie (D:4)
  A bullfrog zombie (D:4)
  An orc priest (D:3)
  A bullfrog skeleton (D:4)
  Terence (D:2)
  An iguana (D:4)
  A scorpion zombie (D:4)
  2 orc wizards (D:4)
  A howler monkey zombie (D:4)
  3 adders
  A white imp (D:4)
  2 adder skeletons (D:4)
  An adder zombie (D:4)
  A dart slug (D:4)
  8 orcs
  A bat (D:2)
  7 endoplasms
  6 giant cockroaches
  6 goblins
  9 hobgoblins
  8 jackals (D:1)
  5 quokkas
  9 ball pythons
  3 frilled lizards
  8 kobolds
  5 rats
96 creatures vanquished.

Vanquished Creatures (others)
  A plant (D:4)
1 creature vanquished.

Grand Total: 97 creatures vanquished

Notes
Turn   | Place    | Note
-------+----------+-------------------------------------------
     0 | D:1      | qw the Gargoyle Fighter began the quest for the Orb.
     0 | D:1      | Reached XP level 1. HP: 14/14 MP: 1/1
     0 | D:1      | 0 ||| qw: Version: 0.2-a-10-g399e6c4
     0 | D:1      | 0 ||| qw: Game counter: 504
     0 | D:1      | 0 ||| qw: Always use a shield: true
     0 | D:1      | 0 ||| qw: God list: Okawaru
     0 | D:1      | 0 ||| qw: Allow faded altars: false
     0 | D:1      | 0 ||| qw: Do Orc after D:15 true
     0 | D:1      | 0 ||| qw: Do second Lair branch before Depths: true
     0 | D:1      | 0 ||| qw: Lair rune preference: random
     0 | D:1      | 0 ||| qw: Plans: Normal, Zot:1-4, God:TSO, Crypt, Tomb,
                  | Pan, Slime:5, Hells, Abyss, Orb
     0 | D:1      | 0 ||| PLANNING D:1-11
   129 | D:1      | Reached skill level 2 in Axes
   153 | D:1      | 153 ||| Stepping ~*~*~tactically~*~*~ (stealth).
   239 | D:1      | 239 ||| Stepping ~*~*~tactically~*~*~ (stealth).
   245 | D:1      | Reached XP level 2. HP: 18/19 MP: 2/2
   523 | D:1      | Found a faded altar of an unknown god.
   587 | D:1      | Reached skill level 3 in Axes
   588 | D:1      | 588 ||| Stepping ~*~*~tactically~*~*~ (stealth).
   595 | D:1      | Reached XP level 3. HP: 19/23 MP: 3/3
  1006 | D:1      | 1006 ||| UPGRADING to +4 ring of slaying {mikee}.
  1007 | D:1      | 1007 ||| UPGRADING to ring of see invisible.
  1008 | D:1      | 1008 ||| READING scroll labelled AHOT ECIRY.
  1009 | D:1      | 1009 ||| READING scroll labelled VICANL JAJUE.
  1010 | D:1      | 1010 ||| READING scroll labelled NENOIS WODEGG.
  1173 | D:2      | 1173 ||| Stepping ~*~*~tactically~*~*~ (stealth).
  1234 | D:2      | Reached XP level 4. HP: 21/28 MP: 4/4
  1366 | D:2      | Noticed Terence
  1373 | D:2      | Killed Terence
  1374 | D:2      | Reached skill level 4 in Axes
  1853 | D:2      | 1853 ||| READING scroll labelled NIBUR LAKYHUETT.
  1992 | D:3      | Noticed a centaur
  2002 | D:3      | Killed a centaur
  2003 | D:3      | Reached skill level 5 in Axes
  2003 | D:3      | Reached XP level 5. HP: 27/32 MP: 5/5
  2150 | D:3      | 2150 ||| Stepping ~*~*~tactically~*~*~ (stealth).
  2168 | D:3      | Reached XP level 6. HP: 23/38 MP: 6/6
  2224 | D:3      | 2224 ||| FLEEEEING.
  2225 | D:3      | 2225 ||| FLEEEEING.
  2227 | D:3      | 2227 ||| STAIRDANCE
  2286 | D:2      | 2286 ||| UPGRADING to +0 cloak.
  2291 | D:2      | 2291 ||| READING scroll labelled DUGYNKOBYF.
  2292 | D:2      | 2292 ||| DROPPING +0 club.
  2370 | D:3      | 2370 ||| READING scroll of enchant armour.
  2370 | D:3      | 2370 ||| ENCHANTING +0 cloak.
  2519 | D:3      | 2519 ||| READING scroll labelled GOFERPH FELI.
  2520 | D:3      | 2520 ||| READING scroll labelled UFRYRE XYFU.
  2584 | D:4      | 2584 ||| Stepping ~*~*~tactically~*~*~ (hiding).
  2585 | D:4      | 2585 ||| Stepping ~*~*~tactically~*~*~ (hiding).
  2731 | D:4      | Reached skill level 1 in Throwing
  2760 | D:4      | Reached skill level 1 in Dodging
  2767 | D:4      | 2767 ||| Stepping ~*~*~tactically~*~*~ (hiding).
  2770 | D:4      | 2770 ||| Stepping ~*~*~tactically~*~*~ (hiding).
  2846 | D:4      | 2846 ||| Stepping ~*~*~tactically~*~*~ (stealth).
  2881 | D:4      | 2881 ||| Stepping ~*~*~tactically~*~*~ (stealth).
  2884 | D:4      | 2884 ||| Stepping ~*~*~tactically~*~*~ (stealth).
  2916 | D:4      | Reached XP level 7. HP: 34/43 MP: 7/7
  2954 | D:4      | 2954 ||| Stepping ~*~*~tactically~*~*~ (stealth).
  2955 | D:4      | 2955 ||| Stepping ~*~*~tactically~*~*~ (stealth).
  3014 | D:4      | Reached skill level 6 in Axes
  3167 | D:4      | 3167 ||| Stepping ~*~*~tactically~*~*~ (stealth).
  3169 | D:4      | 3169 ||| Stepping ~*~*~tactically~*~*~ (stealth).
  3328 | D:4      | Noticed Dowan
  3329 | D:4      | 3329 ||| Stepping ~*~*~tactically~*~*~ (stealth).
  3331 | D:4      | 3331 ||| Stepping ~*~*~tactically~*~*~ (hiding).
  3334 | D:4      | Noticed Duvessa
  3342 | D:4      | HP: 9/43 [Duvessa/+0 rapier (4)]
  3342 | D:4      | Slain by Duvessa

Levels and vault maps discovered:
D:1:      dpeg_arrival_more_subterranean_lakeside_camping, layout_basic,
          ebering_ecumenical_altar_box
D:2:      layout_loops_cross, uniq_terence
D:3:      layout_basic, minmay_misc_feat_pillars
D:4:      cheibrodos_old_hovel, layout_basic, serial_undead, serial_undead_c,
          serial_undead_d, serial_undead_f, serial_undead_e, uniq_duvessa

Skill      XL: |  1  2  3  4  5  6  7 |
---------------+----------------------+-----
Axes           | 2 3 5 6 |  6.6
Fighting       | 4 |  4.0
Throwing       | 1 |  1.8
Dodging        | 1 |  1.1
Armour         | |  3.2
Shields        | |  3.2

Action                   |  1- 3 |  4- 6 |  7- 9 || total
-------------------------+-------+-------+-------++-------
Melee: War axe           |   137 |    80 |    35 ||   252
Throw: Javelin           |       |    14 |     7 ||    21
       Boomerang         |       |       |     1 ||     1
  Use: Scroll            |     3 |     5 |       ||     8
Armor: Scale mail        |    63 |    42 |    22 ||   127
Dodge: Dodged            |    60 |    43 |    12 ||   115
Block: Buckler           |    38 |     8 |     1 ||    47

Table legend:
 A = Non-vault XP
 B = Vault XP
 C = Vault XP percentage of total XP
 D = Non-vault monster count
 E = Vault monster count
 F = Vault count percentage of total count
                 A         B        C        D         E       F
            +---------+---------+-------+---------+---------+-------
      Total |     565 |     352 |  38.4 |      86 |      10 |  10.4
            +---------+---------+-------+---------+---------+-------
        D:1 |      61 |       0 |   0.0 |      36 |       0 |   0.0
        D:2 |      48 |      36 |  42.9 |      14 |       1 |   6.7
        D:3 |     180 |       0 |   0.0 |      13 |       0 |   0.0
        D:4 |     276 |     316 |  53.4 |      23 |       9 |  28.1
            +---------+---------+-------+---------+---------+-------
